 Dungeon Crawl Stone Soup version 0.22-a0-443-g17c3723 (webtiles) character file.

19752 Borgoz the Protected (level 12, -7/104 HPs)
             Began as a Ghoul Fighter on May 31, 2018.
             Was a High Priest of Kikubaaqudgha.
             Killed from afar by a frost giant (12 damage)
             ... with a bolt of cold
             ... in an ice cave.
             The game lasted 00:39:31 (10991 turns).

Borgoz the Protected (Ghoul Fighter)               Turns: 10991, Time: 00:39:32

Health: -7/104     AC: 14    Str: 26    XL:     12   Next: 72%
Magic:  24/24      EV: 16    Int:  3    God:    Kikubaaqudgha [*****.]
Gold:   1011       SH:  0    Dex: 14    Spells: 14/17 levels left

rFire    + . .     SeeInvis .     - Unarmed
rCold    + + .     Gourm    .   (no shield)
rNeg     + + +     Faith    .   I - +0 scale mail "Duethr Gorphe" {rElec MP+9 Dex+2 Slay+5} (curse)
rPois    ∞         Spirit   .   (no helmet)
rElec    +         Reflect  .   e - +1 cloak
rCorr    +         Harm     .   (no gloves)
MR       +....                  s - +2 pair of boots
Stlth    ..........             f - amulet of regeneration
HPRegen  0.00/turn              t - ring of protection from magic
MPRegen  0.19/turn              m - +5 ring of strength

@: resistant, rotting
A: rotting body, claws 1, carnivore, cold resistance 1, negative energy
resistance 3, inhibited regeneration, torment resistance, unbreathing
a: Receive Corpses, Torment, Renounce Religion


You were in an ice cave.
You worshipped Kikubaaqudgha.
Kikubaaqudgha was extremely pleased with you.
You were not hungry.

You visited 3 branches of the dungeon, and saw 14 of its levels.
You also visited: Ice Cave.

You collected 1011 gold pieces.

Inventory:

Armour
 e - a +1 cloak (worn)
 s - a +2 pair of boots (worn)
 I - the cursed +0 scale mail "Duethr Gorphe" (worn) {rElec MP+9 Dex+2 Slay+5}
   (You found it on level 9 of the Dungeon)

   It affects your dexterity (+2).
   It affects your accuracy and damage with ranged weapons and melee attacks
   (+5).
   It insulates you from electricity.
   It affects your magic capacity (+9).
   It has a curse placed upon it.
Jewellery
 f - an amulet of regeneration (around neck)
 m - a +5 ring of strength (right claw)
 t - a ring of protection from magic (left claw)
 v - a +2 ring of evasion
Wands
 o - a wand of digging (5)
 q - a wand of iceblast (9)
 B - a wand of flame (36)
 C - a wand of polymorph (15)
 F - a wand of disintegration (13)
Scrolls
 b - a scroll of vulnerability {unknown}
 g - 8 scrolls of remove curse
 h - 4 scrolls of teleportation
 i - 5 scrolls of enchant weapon {unknown}
 j - 4 scrolls of amnesia
 k - 2 scrolls of blinking {unknown}
 p - 10 scrolls of fear {unknown}
 u - 3 scrolls of random uselessness {unknown}
 w - a scroll of identify
 y - 4 scrolls of holy word {unknown}
 D - a scroll of enchant armour {unknown}
 H - a scroll of immolation {unknown}
Potions
 c - a potion of flight
 l - a potion of curing
 n - 2 potions of ambrosia {unknown}
 r - 2 potions of resistance
 x - a potion of agility
 z - 3 potions of cancellation
 G - a potion of invisibility
Comestibles
 a - 18 chunks of flesh
 d - 29 rations


   Skills:
 + Level 9.3 Fighting
 * Level 10.7 Armour
 * Level 10.3 Dodging
   Level 2.6 Shields
 + Level 9.1 Unarmed Combat
 + Level 3.2 Spellcasting
 + Level 3.6 Charms
 + Level 4.0 Necromancy


You had 14 spell levels left.
You knew the following spells:

 Your Spells              Type           Power        Failure   Level  Hunger
a - Regeneration          Chrm/Necr      #.........   47%         3    ####...

Your spell library contained the following spells:

 Spells                   Type           Power        Failure   Level  Hunger
 Bolt of Draining         Conj/Necr      #.........   100%        5    ######.
 Pain                     Necr           #...         17%         1    ##.....
 Animate Skeleton         Necr           N/A          17%         1    ##.....
 Dispel Undead            Necr           #.......     99%         5    ######.
 Corpse Rot               Necr           N/A          26%         2    ###....
 Stone Arrow              Conj/Erth      #.....       95%         3    ####...
 Agony                    Necr           #.......     99%         5    ######.
 Passwall                 Tmut/Erth      #.......     78%         2    ###....
 Lee's Rapid Deconstruct  Erth           #.........   100%        5    ######.
 Sandblast                Erth           #.....       65%         1    ##.....
 Simulacrum               Ice/Necr       #.........   100%        6    #######
 Petrify                  Tmut/Erth      #.......     100%        4    #####..
 Borgnjor's Vile Clutch   Necr/Erth      #.........   100%        5    ######.


Dungeon Overview and Level Annotations

Branches:
Dungeon (11/15)            Temple (1/1) D:6            Lair (0/6) D:9
    Orc (2/2) D:10
    Elf: Orc:2

Altars:
Ashenzari
Cheibriados
Dithmenos
Elyvilon
Fedhas
Gozag
Hepliaklqana
Kikubaaqudgha
Makhleb
Nemelex Xobeh
Okawaru
Qazlal
Ru
Sif Muna
Trog
Uskayaw
Vehumet
Wu Jian
Xom
Yredelemnul
Zin
The Shining One


Innate Abilities, Weirdness & Mutations

Your body is rotting away.
You thrive on raw meat.
You are immune to poison.
You have sharp fingernails.
You are carnivorous and can eat meat at any time.
Your flesh is cold resistant. (rC+)
You are immune to negative energy. (rN+++)
You do not regenerate when monsters are visible.
You are immune to unholy pain and torment.
You can survive without breathing.


Message History

The bolt of cold misses you.
The frost giant points at you and mumbles some strange words.
The bolt of cold misses you. The frost giant casts a spell at you.
The bolt of cold misses you.
Your magical contamination has completely faded away.
You enter the shallow water.
Moving in this stuff is going to be slow.
Things that are here:
a yak skeleton; a rime drake skeleton The frost giant points at you and mumbles some strange words.
The bolt of cold misses you.
You feel a little less agile now.
The frost giant points at you and mumbles some strange words.
The bolt of cold hits you! You resist.
* * * LOW HITPOINT WARNING * * *
The frost giant points at you and mumbles some strange words.
The bolt of cold hits you! You resist.
You die...
Kikubaaqudgha rasps: "You have failed me!
Welcome... oblivion!"

#...###.####...#
#.h###.#######.##
#.Y#≈#.#..# #..#
##C#≈#....# ##.##
#..###...# #..#
##.###.⌠.# ##.##
#..##...#### #..#
##.##......# ##.#
#@###...#.###..##
##.###..#..#....##
##..#
#####.#.###÷#
##...# #.##...##
##..### ##.###..##
#...########÷##
##..#
#..##≈≈≈##...#
##.#
#..#≈≈≈##...## #.#
#÷#.≈≈##..#.#
####.


You could see a frost giant, a death yak and a polar bear.

Vanquished Creatures
  Snorg (Orc:2)
  Urug (D:10)
  An unseen horror (D:8)
  The ghost of Ratty the Thaumaturge, a novice DENe of Kikubaaqudgha (D:8)
  Psyche (D:10)
  An ice statue (IceCv)
  A rime drake (IceCv)
  3 trolls
  2 hornets
  10 polar bears (IceCv)
  4 hippogriffs
  Sigmund (D:2)
  24 yaks
  2 wyverns
  Menkaure (D:4)
  A steam dragon (D:10)
  2 wargs
  A soldier ant (D:10)
  3 sky beasts
  9 ice beasts
  6 necrophages (D:10)
  11 orc warriors
  A phantom (D:4)
  A black bear (D:11)
  3 centaurs
  15 wolves (IceCv)
  2 ogres
  2 big kobolds
  5 bullfrogs
  2 gnoll sergeants
  A wyvern zombie (D:10)
  4 scorpions
  7 wights
  A howler monkey (D:9)
  6 crimson imps
  2 bullfrog zombies
  2 centaur zombies
  10 orc priests
  4 hounds
  3 jellies
  3 bullfrog skeletons
  3 centaur skeletons
  2 iguanas
  16 orc wizards
  9 worker ants
  2 hound zombies
  A hound skeleton (D:9)
  A mummy (D:10)
  A worker ant zombie (D:10)
  A howler monkey zombie (D:8)
  7 adders
  10 gnolls
  2 shadow imps
  An ooze (D:1)
  An adder skeleton (D:6)
  A worm (D:3)
  A dart slug (D:1)
  2 leopard geckos
  48 orcs
  2 ball pythons (D:3)
  6 bats
  4 giant cockroaches
  10 hobgoblins
  14 jackals
  3 quokkas
  2 frilled lizards
  7 goblins
  11 kobolds
  A leopard gecko zombie (D:8)
  8 rats
338 creatures vanquished.

Vanquished Creatures (others)
  A polar bear (IceCv)
  A wolf (IceCv)
2 creatures vanquished.

Grand Total: 340 creatures vanquished

Notes
Turn   | Place    | Note
-------+----------+-------------------------------------------
     0 | D:1      | Borgoz the Ghoul Fighter began the quest for the Orb.
     0 | D:1      | Reached XP level 1. HP: 19/19 MP: 0/0
    87 | D:1      | Reached XP level 2. HP: 22/26 MP: 1/1
   261 | D:1      | Reached skill level 1 in Dodging
   451 | D:1      | Reached XP level 3. HP: 31/31 MP: 2/2
   707 | D:2      | Noticed Sigmund
   835 | D:3      | Reached XP level 4. HP: 35/40 MP: 3/3
   953 | D:2      | Found a faded altar of an unknown god.
  1223 | D:3      | Reached XP level 5. HP: 18/46 MP: 4/4
  1492 | D:2      | Found a sparkling altar of Nemelex Xobeh.
  1664 | D:2      | Killed Sigmund
  1664 | D:2      | Reached XP level 6. HP: 51/53 MP: 5/5
  2052 | D:2      | Found a blossoming altar of Fedhas.
  2093 | D:2      | Found a radiant altar of Vehumet.
  2416 | D:4      | Reached XP level 7. HP: 25/60 MP: 6/6
  2592 | D:4      | Noticed Menkaure
  2606 | D:4      | Killed Menkaure
  2606 | D:4      | Reached skill level 5 in Armour
  2805 | D:4      | Reached skill level 5 in Fighting
  2805 | D:4      | Reached XP level 8. HP: 52/68 MP: 7/7
  3307 | D:5      | Entered Level 5 of the Dungeon
  3697 | D:5      | Reached skill level 5 in Dodging
  3979 | D:5      | Reached skill level 5 in Unarmed Combat
  4674 | D:6      | Found a hazy altar of Hepliaklqana.
  4789 | D:6      | Found a staircase to the Ecumenical Temple.
  4818 | Temple   | Entered the Ecumenical Temple
  5021 | Temple   | Became a worshipper of Kikubaaqudgha
  5107 | D:6      | Reached XP level 9. HP: 60/75 MP: 8/8
  5260 | D:6      | Found a bloodstained altar of Trog.
  5576 | D:7      | Found an iron altar of Okawaru.
  5656 | D:7      | Noticed a hornet
  5674 | D:7      | Killed a hornet
  6334 | D:8      | Reached * piety under Kikubaaqudgha
  6334 | D:8      | Identified Kikubaaqudgha's Catalogue of Darkness (Kikubaaqudgha gifted it to you on level 8 of the Dungeon)
  6334 | D:8      | Received a gift from Kikubaaqudgha
  6340 | D:8      | Learned a level 3 spell: Regeneration
  6400 | D:8      | Reached XP level 10. HP: 68/86 MP: 9/9
  6444 | D:8      | Noticed Ratty's ghost (novice DENe)
  6475 | D:8      | Killed Ratty's ghost
  6797 | D:8      | Killed an unseen horror
  7391 | D:9      | Found a white marble altar of Elyvilon.
  7438 | D:9      | Reached ** piety under Kikubaaqudgha
  7589 | D:9      | Got an ichor-stained scale mail
  7600 | D:9      | Identified the cursed +0 scale mail "Duethr Gorphe" {rElec MP+9 Dex+2 Slay+5} (You found it on level 9 of the Dungeon)
  7603 | D:9      | Found a staircase to the Lair.
  7675 | D:9      | Found a glowing golden altar of the Shining One.
  7976 | D:10     | Entered Level 10 of the Dungeon
  8044 | D:10     | Reached XP level 11. HP: 59/92 MP: 10/10
  8546 | D:10     | Reached skill level 1 in Necromancy
  8636 | D:10     | Reached *** piety under Kikubaaqudgha
  8636 | D:10     | Identified Kikubaaqudgha's Handbook of Black Rites (Kikubaaqudgha gifted it to you on level 10 of the Dungeon)
  8636 | D:10     | Received a gift from Kikubaaqudgha
  8640 | D:10     | Reached skill level 1 in Charms
  8786 | D:10     | Reached skill level 1 in Spellcasting
  8855 | D:10     | Noticed Urug
  8886 | D:10     | Killed Urug
  9108 | D:10     | Noticed Psyche
  9118 | D:10     | Killed Psyche
  9172 | D:10     | Found a staircase to the Orcish Mines.
  9193 | Orc:1    | Entered Level 1 of the Orcish Mines
  9427 | Orc:1    | Reached **** piety under Kikubaaqudgha
  9812 | Orc:2    | Entered Level 2 of the Orcish Mines
  9818 | Orc:2    | Noticed Snorg
  9830 | Orc:2    | Killed Snorg
  9830 | Orc:2    | Reached skill level 10 in Armour
  9837 | Orc:2    | Noticed an ettin
 10072 | D:11     | Found a frozen archway.
 10106 | D:11     | Reached XP level 12. HP: 83/103 MP: 14/14
 10175 | IceCv    | Entered an ice cave
 10589 | IceCv    | Reached skill level 10 in Dodging
 10880 | IceCv    | Reached ***** piety under Kikubaaqudgha
 10922 | IceCv    | Noticed a frost giant
 10922 | IceCv    | Noticed a death yak
 10940 | IceCv    | HP: 3/104 [frost giant/battleaxe of freezing (4)]
 10988 | IceCv    | HP: 5/104 [frost giant/bolt of cold (14)]
 10991 | IceCv    | Killed from afar by a frost giant

Vault maps used:
D:1:      dpeg_arrival_houses_and_road
D:2:      wad_lake_hut, nicolae_overflow_crystal_walls, vehumet_crystals,
          chequers_ecumenical_altar_simple, fedhas_altar_fruit_tree,
          uniq_sigmund
D:4:      grunt_ministairs_3, uniq_menkaure
D:5:      first_ration, minivault_4
D:6:      overflow_temple_1_default, temple_green, grunt_ministairs_14,
          trog_book
D:7:      kennysheep_okawaru_gauntlet
D:8:      blue_anna_alchemist
D:9:      elyvilon_altar_5, dpeg_oklobed_lair, nicolae_tso_swordbearing_angel
D:10:     david_orc_4, serial_undead, serial_undead_b, serial_undead_b,
          serial_undead_d, serial_undead_a, serial_undead_c, uniq_urug,
          uniq_psyche
D:11:     portal_ice_cave_entry_ice_beasts, lightli_wizard_tower
Temple:   regret_index_temple_sphere_string
Orc:2:    st_orc_town, serial_shops, shop, nicolae_orc_sculptors_studio,
          uniq_snorg, uniq_saint_roka
IceCv:    ice_cave_caverns_02

Skill      XL: |  1  2  3  4  5  6  7  8  9 10 11 12 |
---------------+-------------------------------------+-----
Armour         | 3 4 5 6 7 9 10 | 10.7
Dodging        | 1 2 3 4 5 7 8 9 10 | 10.3
Unarmed Combat | 3 4 5 6 7 8 9 |  9.1
Fighting       | 4 5 7 8 9 |  9.3
Necromancy     | 2 4 |  4.0
Charms         | 2 3 |  3.6
Spellcasting   | 2 3 |  3.2
Shields        | |  2.6

Action                   |  1- 3 |  4- 6 |  7- 9 | 10-12 || total
-------------------------+-------+-------+-------+-------++-------
Melee: Unarmed           |   107 |   235 |   505 |   784 ||  1631
       Punch             |     2 |     2 |    11 |    57 ||    72
Evoke: Wand              |       |       |       |     6 ||     6
  Use: Scroll            |       |     1 |     8 |     3 ||    12
       Potion            |       |     1 |       |     8 ||     9
  Eat: Chunk             |     5 |    25 |    38 |    96 ||   164
Armor: Scale mail        |    59 |   119 |   166 |   316 ||   660
Dodge: Dodged            |    47 |   150 |   326 |   597 ||  1120

Table legend:
 A = Spawn XP
 B = Non-spawn XP
 C = Spawn XP percentage of total XP
 D = Spawn monster count
 E = Non-spawn monster count
 F = Spawn count percentage of total count
 G = Total turns spent on level
                    A         B        C        D         E        F      G
               +---------+---------+-------+---------+---------+-------+---------
         Total |       0 |   28218 |   0.0 |       0 |     339 |   0.0 | 10991
               +---------+---------+-------+---------+---------+-------+---------
           D:1 |       0 |      36 |   0.0 |       0 |      16 |   0.0 |   718
           D:2 |       0 |     289 |   0.0 |       0 |      12 |   0.0 |   846
           D:3 |       0 |     211 |   0.0 |       0 |      42 |   0.0 |   928
           D:4 |       0 |     815 |   0.0 |       0 |      21 |   0.0 |   815
           D:5 |       0 |     451 |   0.0 |       0 |      14 |   0.0 |   878
           D:6 |       0 |     787 |   0.0 |       0 |      31 |   0.0 |  1029
           D:7 |       0 |    1731 |   0.0 |       0 |      16 |   0.0 |   901
           D:8 |       0 |    3137 |   0.0 |       0 |      27 |   0.0 |   917
           D:9 |       0 |    1307 |   0.0 |       0 |      28 |   0.0 |  1010
          D:10 |       0 |    6484 |   0.0 |       0 |      51 |   0.0 |  1173
          D:11 |       0 |    1543 |   0.0 |       0 |      14 |   0.0 |   138
         Orc:1 |       0 |    1121 |   0.0 |       0 |      20 |   0.0 |   567
         Orc:2 |       0 |    1162 |   0.0 |       0 |       1 |   0.0 |    35
         IceCv |       0 |    9144 |   0.0 |       0 |      46 |   0.0 |   816
               +---------+---------+-------+---------+---------+-------+---------
